 Dungeon Crawl Stone Soup version 0.18-b1-22-ge198996 (webtiles) character file.

81 Zhenya25pyc the Twirler (level 4, -1/27 HPs)
             Began as a Gargoyle Gladiator on May 3, 2016.
             Was an Initiate of Okawaru.
             Slain by a gnoll
             ... wielding a +0 spear
              (6 damage)
             ... on level 2 of the Dungeon.
             The game lasted 00:02:01 (1043 turns).

Zhenya25pyc the Twirler (Gargoyle Gladiator)        Turns: 1043, Time: 00:02:01

Health: -1/27      AC:  7    Str: 19    XL:     4   Next: 42%
Magic:  0/4        EV: 12    Int:  9    God:    Okawaru [......]
Gold:   152        SH:  0    Dex: 10    Spells: 0 memorised, 3 levels left

rFire  . . .     SeeInvis .     a - +0 quarterstaff
rCold  . . .     Gourm    .     b - +0 leather armour
rNeg   + . .     Faith    .     (shield currently unavailable)
rPois  ∞         Spirit   +     c - +0 helmet
rElec  +         Dismiss  .     (no cloak)
rCorr  .         Reflect  .     (no gloves)
SustAt .         Harm     .     (no boots)
MR     .....                    l - amulet of guardian spirit
Stlth  +.........               (no ring)
                                (no ring)

@: not resistant to hostile enchantments, very unstealthy
A: negative energy resistance 1, electricity resistance, unbreathing,
petrification resistance, rot immunity, AC +3
a: Renounce Religion


You were on level 2 of the Dungeon.
You worshipped Okawaru.
Okawaru was noncommittal.
You were not hungry.

You visited 1 branch of the dungeon, and saw 2 of its levels.

You collected 152 gold pieces.

Inventory:

Hand Weapons
 a - a +0 quarterstaff (weapon)
 g - a +0 dagger
Missiles
 d - 3 throwing nets (quivered)
Armour
 b - a +0 leather armour (worn)
 c - a +0 helmet (worn)
Jewellery
 l - an amulet of guardian spirit (around neck)
Scrolls
 e - a scroll of immolation {unknown}
 h - a scroll of fog {unknown}
 j - a scroll of recharging {unknown}
 n - a scroll of remove curse {unknown}
 o - a scroll of blinking {unknown}
Potions
 i - 2 potions of degeneration {unknown}
 k - 2 potions of haste {unknown}
 m - a potion of heal wounds {unknown}
Comestibles
 f - 2 bread rations
 p - a meat ration
 q - 2 chunks of flesh


   Skills:
 + Level 2.8 Fighting
 * Level 4.0 Staves
 + Level 2.1 Throwing
 + Level 2.9 Dodging


You had 3 spell levels left.
You didn't know any spells.

Dungeon Overview and Level Annotations

Branches:
Dungeon (2/15)

Altars:
Okawaru
Sif Muna


Innate Abilities, Weirdness & Mutations

You are resistant to torment.
Your stone body is resilient (AC +3).
You are immune to poison.
You resist negative energy.
You are resistant to electric shocks.
You can survive without breathing.
You are immune to petrification.
You are immune to rotting.


Message History

You are too injured to fight recklessly!
You are too injured to fight recklessly!
You are too injured to fight recklessly!
You are too injured to fight recklessly!
You are too injured to fight recklessly!
You are too injured to fight recklessly!
You are too injured to fight recklessly!
You are too injured to fight recklessly!
You are too injured to fight recklessly!
You are too injured to fight recklessly!
You are too injured to fight recklessly!
You are too injured to fight recklessly!
You are too injured to fight recklessly!
Unknown command.
You are too injured to fight recklessly!
You are too injured to fight recklessly!
You are too injured to fight recklessly!
You hit the gnoll but do no damage.
The gnoll hits you from afar with a spear.
You die...

#....##............
#........#
#.....'...........
+.........
##...##..........
########.#
#...##........#
#####+#
#...##........#
#......
#...##........#######
#......
##...##.............)#
#......
#......######........#
#...... #......#
#.@).....# #......
#..<...# #.)g.....#
#...... #......#
#..g.....# #......
#......# #........#
#...... #......#
#........# #......
#......# #........#
#...... ########
########## ##.....
#..... #(....


You could see 2 gnolls.

Vanquished Creatures
  2 gnolls (D:2)
  An adder (D:2)
  3 oozes
  A worm (D:2)
  2 dart slugs (D:1)
  A giant gecko (D:1)
  3 giant cockroaches (D:1)
  3 goblins
  5 hobgoblins
  3 jackals (D:2)
  A bat (D:1)
  4 kobolds
  5 rats
34 creatures vanquished.

Notes
Turn   | Place    | Note
--------------------------------------------------------------
     0 | D:1      | Zhenya25pyc the Gargoyle Gladiator began the quest for the Orb.
     0 | D:1      | Reached XP level 1. HP: 12/12 MP: 1/1
    73 | D:1      | Reached XP level 2. HP: 4/17 MP: 2/2
   413 | D:1      | Reached XP level 3. HP: 15/22 MP: 3/3
   671 | D:2      | Found a deep blue altar of Sif Muna.
   690 | D:2      | Found an iron altar of Okawaru.
   695 | D:2      | Became a worshipper of Warmaster Okawaru
   990 | D:2      | Reached XP level 4. HP: 27/27 MP: 4/4
  1036 | D:2      | Reached skill level 4 in Staves
  1043 | D:2      | Slain by a gnoll

Skill      XL: |  1  2  3  4 |
---------------+-------------+-----
Throwing       | 2 |  2.1
Staves         | 4 |  4.0
Fighting       | |  2.8
Dodging        | |  2.9

Action                   |  1- 3 |  4- 6 || total
-------------------------+-------+-------++-------
Melee: Quarterstaff      |    77 |    26 ||   103
  Eat: Chunk             |       |     1 ||     1
Armor: Leather armour    |    41 |    10 ||    51
Dodge: Dodged            |    52 |    26 ||    78
